AoeStats
← Ahab Schrader

Arabia

511123791Analyzed
2v2 RM · 14d ago on Oct 3, 2026· 69m 24s· 4 players
Game mode
Random Map
Map size
Medium (4 player)
Population
200
Speed
Normal
Resources
Standard
Victory
Conquest
Starting age
Dark Age
Ending age
Imperial Age
RankedLock teamsTeams togetherTeam positionsShared explorationLock speedFull tech treeHidden civsTurbo modeCheats
Victory
Defeat
🇺🇸 Byzantines · United States
878
+14
🇺🇸 Slavs · United States
846
+15
vs
🇹🇷 Bengalis · Türkiye
841
-15
🇦🇷 Bohemians · Argentina
806
-14
DOWN
1:06 Loom
15:06 Feudal Age
18:40 Arson
18:55 Man-at-Arms
24:07 Wheelbarrow
27:16 Castle Age
27:56 Padded Archer Armor
27:47 Fletching
38:30 Pikeman
42:58 Double-Bit Axe
43:22 Squires
46:59 Town Watch
48:23 Bow Saw
48:31 Scale Barding Armor
48:27 Scale Mail Armor
48:37 Forging
49:19 Hand Cart
51:54 Imperial Age
49:45 Hand Cart
49:33 Town Patrol
52:05 Halberdier
54:03 Two-Man Saw
53:13 Halberdier
53:32 Halberdier
55:23 Elite Skirmisher
57:57 Leather Archer Armor
58:04 Chain Mail Armor
58:28 Iron Casting
59:11 Long Swordsman
kaosboa
7:29 Loom
12:26 Feudal Age
12:57 Horse Collar
13:06 Double-Bit Axe
14:14 Wheelbarrow
13:32 Gold Mining
16:19 Forging
16:00 Fletching
17:50 Padded Archer Armor
17:50 Scale Mail Armor
23:56 Castle Age
22:04 Scale Barding Armor
23:30 Bloodlines
23:18 Stone Mining
25:34 Bow Saw
25:28 Heavy Plow
25:33 Husbandry
24:55 Light Cavalry
26:55 Hand Cart
27:15 Gambesons
27:45 Pikeman
28:58 Fervor
28:50 Squires
31:33 Gold Shaft Mining
32:37 Town Watch
35:00 Bodkin Arrow
35:28 Chain Barding Armor
38:19 Imperial Age
39:10 Murder Holes
40:32 Two-Man Saw
41:46 Crop Rotation
44:29 Leather Archer Armor
44:36 Arson
45:31 Plate Barding Armor
45:32 Elite Skirmisher
51:39 Ballistics
51:44 Siege Elephant
57:24 Crossbowman
58:25 Fishing Lines
62:31 Guilds
68:50 Man-at-Arms
Tonto
9:02 Loom
10:51 Feudal Age
19:28 Castle Age
20:14 Double-Bit Axe
21:18 Scale Barding Armor
21:24 Scale Barding Armor
21:32 Husbandry
27:32 Bow Saw
27:04 Horse Collar
31:02 Chain Barding Armor
30:53 Forging
33:55 Heavy Plow
38:39 Imperial Age
38:56 Wheelbarrow
39:05 Iron Casting
39:06 Heavy Camel Rider
41:06 Plate Barding Armor
40:43 Logistica
42:11 Two-Man Saw
41:49 Crop Rotation
47:50 Chemistry
48:53 Caravan
51:55 Chemistry
51:15 Ballistics
52:50 Elite Cataphract
69:10 Spies/Treason
Ahab Schrader
2:46 Loom
11:06 Feudal Age
12:35 Wheelbarrow
11:42 Horse Collar
11:52 Double-Bit Axe
12:44 Gold Mining
14:36 Town Watch
19:20 Castle Age
17:40 Man-at-Arms
18:49 Horse Collar
19:04 Stone Mining
20:02 Scale Mail Armor
21:20 Squires
21:33 Long Swordsman
24:41 Hand Cart
26:13 Gold Shaft Mining
25:41 Heavy Plow
25:54 Bow Saw
27:36 Forging
27:40 Pikeman
29:58 Chain Mail Armor
31:12 Iron Casting
31:40 Husbandry
31:50 Bloodlines
33:44 Town Patrol
34:39 Scale Barding Armor
38:43 Detinets
40:43 Caravan
43:24 Imperial Age
43:46 Two-Handed Swordsman
45:01 Conscription
45:07 Conscription
44:40 Halberdier
50:09 Champion
50:15 Elite Boyar
50:56 Druzhina
50:28 Sappers
53:00 Crop Rotation
53:43 Two-Man Saw
53:26 Hoardings
53:32 Ballistics
56:15 Fortified Wall
57:05 Chemistry
56:16 Masonry
56:02 Murder Holes
56:13 Siege Engineers
62:57 Blast Furnace
62:18 Chain Barding Armor
62:28 Plate Mail Armor
64:34 Spies/Treason
Connection lost

Rejoining the realm…

Still unreachable

The connection could not be restored.

Session expired

The server has moved on; the page needs a fresh start.